Map: The Vermillion Problem

Players

wasp

  • Race: Protoss Protoss
  • Spawn Location: 11:00

NamroodTuo

  • Race: Zerg Zerg

VOD

Have the link to the VOD?

Description

Time

  • Played on: June 13, 2023, 1:14 p.m.
  • Length: 13:21
Show
View Real Time Build Order
Export as new Build Order

wasp Protoss 

Build Orders:  

Get SALT Encoding   

  12  0:17  Probe (Chrono Boost)  
  12  0:29  Probe (Chrono Boost)  
  14  0:41  Probe (Chrono Boost)  
  15  1:22  Pylon  
  15  1:27  Pylon  
  15  1:40  Assimilator  
  15  1:44  Probe (Chrono Boost)  
  15  1:46  Assimilator  
  16  1:56  Probe (Chrono Boost)  
  17  2:02  Pylon  
  17  2:07  Pylon  
  17  2:08  Probe (Chrono Boost)  
  17  2:13  Pylon  
  17  2:19  Pylon  
  18  2:27  Pylon  
  18  2:31  Pylon  
  18  2:40  Gateway  
  18  2:49  Gateway  
  18  2:58  Probe (Chrono Boost)  
  19  3:10  Probe (Chrono Boost)  
  20  3:22  Probe (Chrono Boost)  
  21  3:51  Sentinel  
  21  3:52  Sentinel  
  25  4:24  Sentinel  
  25  4:25  Sentinel  
  29  4:46  Gateway  
  29  4:57  Sentinel  
  29  4:58  Sentinel  
  29  5:04  Cybernetics Core  
  29  5:05  Probe (Chrono Boost)  
  34  5:17  Probe (Chrono Boost)  
  35  5:25  Forge  
  35  5:29  Probe (Chrono Boost)  
  36  6:34  Sentinel  
  36  6:35  Sentinel  
  36  6:36  Sentinel  
  42  7:02  Protoss Ground Weapons Level 1  
  42  7:07  Sentinel  
  42  7:08  Sentinel  
  42  7:09  Sentinel  
  48  7:39  Photon Cannon  
  48  7:40  Sentinel  
  48  7:41  Sentinel  
  52  8:36  Protoss Ground Armor Level 1  
  21  10:20  Protoss Shields Level 1  
  21  10:24  Sentinel  
  21  10:25  Sentinel x2  
  23  10:33  Sentinel x3  
  27  10:40  Sentinel x3  
  27  10:59  Probe (Chrono Boost)  
  27  11:01  Probe (Chrono Boost)  
  27  11:03  Probe (Chrono Boost)  
  27  11:06  Probe (Chrono Boost)  
  43  11:34  Sentinel  
  43  11:35  Sentinel x2  
  49  12:07  Sentinel  
  49  12:08  Sentinel  
Show
View Real Time Build Order
Export as new Build Order

NamroodTuo Zerg 

Build Orders:  

Get SALT Encoding   

  12  0:06  Infested SCV  
  13  0:19  Infested SCV  
  14  0:35  Infested Barracks  
  14  0:37  Infested SCV  
  15  1:02  Overlord  
  15  1:23  Infestation Level 1  
  15  1:30  Infested Refinery  
  15  1:33  Infested SCV  
  15  1:35  Infested SCV  
  17  1:44  Infested SCV  
  17  1:45  Infested Refinery  
  18  1:50  Infested SCV  
  19  2:01  Overlord  
  19  2:15  Infested SCV  
  19  2:19  Infested SCV  
  21  2:20  Infested SCV  
  22  2:48  Infested Barracks Tech Lab  
  22  2:50  Infested SCV  
  22  2:52  Overlord  
  22  2:57  Infested SCV  
  24  3:10  Infested Engineering Bay  
  24  3:15  Anaerobic Enhancement  
  24  3:20  Infested SCV  
  25  3:50  Retinal Augmentation  
  25  3:52  Infested Missile Turret  
  25  4:03  Infested SCV  
  25  4:04  Infested SCV  
  25  4:05  Overlord  
  25  4:06  Infested SCV  
  28  5:03  Infestation Level 2  
  28  5:13  Stukov Infantry Weapons Level 1  
  28  5:19  Plagued Munitions  
  28  5:21  Infested SCV  
  28  5:22  Infested SCV  
  28  5:24  Infested SCV  
  28  5:25  Overlord  
  31  5:48  Infested Missile Turret  
  31  6:19  Unknown  
  31  6:31  Infested Marine x6  
  31  6:32  Infested Marine x14  
  29  7:24  Infested Factory  
  29  7:32  Stukov Infantry Armor Level 1  
  29  7:33  Broodling Gestation  
  29  7:37  Infested Command Center  
  27  8:47  Infested Marine x7  
  27  8:48  Infested Marine x13  
  47  8:53  Infested Colonist Compound  
  29  9:21  Infested SCV  
  29  9:22  Infested SCV x2  
  32  9:32  Infested Missile Turret  
  32  9:35  Infested SCV  
  32  9:36  Overlord, Infested SCV  
  34  9:43  Infested Bunker  
  38  10:00  Infested Missile Turret  
  38  10:03  Infested SCV x2  
  38  10:05  Regenerative Plating  
  40  10:28  Infested Missile Turret  
  44  10:31  Infested Bunker  
  40  10:57  Infested Missile Turret  
  40  10:58  Infested Bunker  
  44  11:27  Infested Missile Turret  
  48  11:49  Infested SCV  
  49  11:56  Infested Bunker  
  53  12:53  Infested Bunker  
  53  12:57  Infested Missile Turret  
  53  13:05  Infested Bunker  
Tags
 
Add a new tag
Caveats
  • Supply blocks, unpowered buildings, or Contaminate may cause inaccurate times.
  • Supply counts are checked every 10 seconds.